 Dungeon Crawl Stone Soup version 0.18.1-1-g2f07953 (webtiles) character file.

4604 EvilSnake the Protected (level 10, -8/84 HPs)
             Began as a Minotaur Berserker on May 7, 2016.
             Was a High Priest of Trog.
             Mangled by a two-headed ogre
             ... wielding a +0 giant spiked club
              (11 damage)
             ... on level 9 of the Dungeon.
             The game lasted 01:08:35 (9309 turns).

EvilSnake the Protected (Minotaur Berserker)        Turns: 9309, Time: 01:08:36

Health: -8/84      AC:  8    Str: 22    XL:     10   Next: 19%
Magic:  0/9        EV: 13    Int:  4    God:    Trog [*****.]
Gold:   342        SH:  0    Dex: 13    Spells: 0 memorised, 9 levels left

rFire  . . .     SeeInvis .     E - +3 halberd (freeze)
rCold  . . .     Gourm    .     M - +0 scale mail
rNeg   . . .     Faith    .     (shield currently unavailable)
rPois  .         Spirit   +     (helmet restricted)
rElec  .         Dismiss  .     (no cloak)
rCorr  +         Reflect  .     (no gloves)
SustAt +         Harm     .     (no boots)
MR     ++...                    L - amulet of guardian spirit
Stlth  +.........               O - ring of resist corrosion
                                f - ring of sustain attributes

@: lethally poisoned (-8 -> -8), regenerating, very resistant to hostile
enchantments, very unstealthy
A: retaliatory headbutt, horns 2
a: Berserk, Trog's Hand, Brothers in Arms, Burn Spellbooks, Renounce Religion


You were on level 9 of the Dungeon.
You worshipped Trog.
Trog was extremely pleased with you.
You were not hungry.

You visited 1 branch of the dungeon, and saw 9 of its levels.

You collected 464 gold pieces.
You spent 122 gold pieces at shops.

Inventory:

Hand Weapons
 a - a +0 hunting sling
 c - a +0 war axe
 d - a cursed +0 trident
 l - a +0 war axe
 E - a +3 halberd of freezing (weapon)
 R - a +2 vampiric hand axe
 S - a +0 mace of holy wrath
 U - a +2 vampiric war axe
Missiles
 b - 32 poisoned needles
 j - 5 needles of paralysis
 v - 58 sling bullets
Armour
 I - a +1 robe
 M - a +0 scale mail (worn)
Jewellery
 f - a ring of sustain attributes (left hand)
 o - a cursed ring of teleportation
 L - an amulet of guardian spirit (around neck)
 O - a ring of resist corrosion (right hand)
Wands
 h - a wand of iceblast (7/15)
 p - a wand of lightning (10/15)
 A - a wand of iceblast (8/15)
 D - a wand of digging (13/24)
 G - a wand of digging (4/24)
 K - a wand of enslavement (14/24)
Scrolls
 g - 4 scrolls of enchant armour {unknown}
 m - a scroll of blinking {unknown}
 q - 4 scrolls of remove curse
 r - a scroll of fear {unknown}
 t - a scroll of magic mapping {unknown}
 u - 3 scrolls of teleportation
 x - a scroll of amnesia {unknown}
 y - a scroll of recharging
 B - 2 scrolls of fog {unknown}
 F - 2 scrolls of immolation {unknown}
 P - a scroll of random uselessness {unknown}
Potions
 e - a potion of beneficial mutation {unknown}
 i - 2 potions of degeneration {unknown}
 k - a potion of berserk rage
 n - 3 potions of resistance
 s - 2 potions of flight
 z - 2 potions of brilliance
 C - 4 potions of curing {unknown}
 Q - a potion of cancellation {unknown}
 T - a potion of might {unknown}
Comestibles
 w - 2 bread rations
 J - 9 slices of pizza


   Skills:
 + Level 6.6 Fighting
 + Level 9.7(9.8) Axes
 * Level 1.6(6.3) Polearms
 * Level 10.3 Armour
 + Level 6.9 Dodging
 * Level 5.0 Stealth
 + Level 1.0 Evocations


You had 9 spell levels left.
You didn't know any spells.

Dungeon Overview and Level Annotations

Branches:
Dungeon (9/15)             Temple (0/1) D:6
   Lair: D:8-11         Orc: D:9-12

Altars:
Gozag
Kikubaaqudgha
Makhleb
Nemelex Xobeh
Okawaru
Qazlal
Ru
Trog
Yredelemnul

Shops:
D:6 %


Innate Abilities, Weirdness & Mutations

You reflexively headbutt those who attack you in melee.
You have a pair of horns on your head.


Message History

You puncture the two-headed ogre! You freeze the two-headed ogre.
The two-headed ogre is moderately wounded.
The two-headed ogre hits you with a giant spiked club!
The two-headed ogre closely misses you.
You puncture the two-headed ogre! You freeze the two-headed ogre.
The two-headed ogre is severely wounded.
You feel sick. The two-headed ogre closely misses you.
The two-headed ogre hits you with a giant club!
* * * LOW HITPOINT WARNING * * *
You feel sick. The two-headed ogre barely misses you.
The two-headed ogre hits you with a giant club!!
* * * LOW HITPOINT WARNING * * *
Your skin crawls.
You feel resistant to hostile enchantments.
You feel slightly more hungry.
Your troll goes berserk!
You feel somewhat more hungry.
You feel sick. The two-headed ogre misses you.
The two-headed ogre hits you with a giant club!
You die...

#.# #.# #.# .. #.#
.# #.#####.#
#..†....#
#.†##..... #
#...#.####.#
##@...#.....
######O.T......#
#...)...).......
(.......#...#.####
###.###.#...<..# #
#...?......#
#...#.######
#..<....#
#####.#.#


You could see a two-headed ogre and a friendly troll (berserk).

Vanquished Creatures
  Pikel (D:9)
  A two-headed ogre (D:7)
  A hungry ghost (D:8)
  An orc warrior (D:8)
  A slave (D:9)
  An ice beast (D:7)
  4 phantoms
  A wasp (D:8)
  2 ogres
  3 big kobolds
  4 giant frogs
  Blork the orc (D:5)
  4 scorpions
  14 killer bees
  5 wights (D:8)
  2 howler monkeys
  5 crimson imps
  A centaur zombie (D:5)
  8 hounds
  4 orc wizards
  3 orc priests (D:4)
  A centaur skeleton (D:8)
  5 giant frog skeletons
  5 iguanas
  4 worker ants
  A hound zombie (D:6)
  A hound skeleton (D:4)
  7 gnolls
  4 adders
  A shadow imp (D:7)
  An ooze (D:3)
  An adder skeleton (D:5)
  3 worms
  15 dart slugs
  8 giant geckos
  17 orcs
  A ball python (D:1)
  8 giant cockroaches
  12 goblins
  6 hobgoblins
  10 jackals
  4 quokkas
  5 bats
  A giant cockroach zombie (D:6)
  8 giant newts
  25 kobolds
  A quokka skeleton (D:5)
  11 rats
233 creatures vanquished.

Vanquished Creatures (collateral kills)
  An orc warrior (D:8)
  An orc wizard (D:8)
  3 orcs (D:8)
5 creatures vanquished.

Vanquished Creatures (others)
  An orc wizard (D:9)
  A giant frog skeleton (D:8)
  An orc (D:9)
3 creatures vanquished.

Grand Total: 241 creatures vanquished

Notes
Turn   | Place    | Note
--------------------------------------------------------------
     0 | D:1      | EvilSnake the Minotaur Berserker began the quest for the Orb.
     0 | D:1      | Reached XP level 1. HP: 19/19 MP: 0/0
   326 | D:1      | Reached XP level 2. HP: 25/27 MP: 1/1
  1217 | D:2      | Reached ** piety under Trog
  1292 | D:2      | Reached XP level 3. HP: 31/33 MP: 2/2
  1574 | D:3      | Reached skill level 5 in Axes
  1574 | D:3      | Reached skill level 3 in Armour
  1574 | D:3      | Reached XP level 4. HP: 39/40 MP: 3/3
  1688 | D:3      | Reached *** piety under Trog
  1984 | D:2      | Reached XP level 5. HP: 45/46 MP: 4/4
  2801 | D:3      | Reached skill level 4 in Armour
  2824 | D:3      | Found a stormy altar of Qazlal.
  2989 | D:3      | Reached **** piety under Trog
  3343 | D:4      | Reached XP level 6. HP: 42/52 MP: 5/5
  3498 | D:4      | Reached skill level 5 in Armour
  3696 | D:4      | HP: 2/52 [orc priest/trident (9)]
  3706 | D:4      | Reached skill level 1 in Stealth
  4051 | D:4      | Reached XP level 7. HP: 31/60 MP: 6/6
  4550 | D:4      | You fall through a shaft for 2 floors!
  4560 | D:6      | Reached skill level 6 in Armour
  4600 | D:6      | Found a staircase to the Ecumenical Temple.
  4840 | D:6      | Found Xengi's Food Emporium.
  4856 | D:6      | Bought a beef jerky for 19 gold pieces
  4856 | D:6      | Bought a bread ration for 65 gold pieces
  4856 | D:6      | Bought a slice of pizza for 19 gold pieces
  4856 | D:6      | Bought a beef jerky for 19 gold pieces
  5097 | D:6      | Reached skill level 7 in Armour
  5159 | D:6      | Got a fine falchion
  5160 | D:6      | Identified the cursed +3 falchion of Ravage {speed, rN+} (You found it on level 6 of the Dungeon)
  5300 | D:6      | Reached XP level 8. HP: 67/67 MP: 7/7
  5362 | D:5      | Entered Level 5 of the Dungeon
  5373 | D:5      | Reached skill level 5 in Dodging
  5390 | D:5      | Found a sparkling altar of Nemelex Xobeh.
  5717 | D:5      | Noticed Blork the orc
  5735 | D:5      | Killed Blork the orc
  5951 | D:5      | Found a burning altar of Makhleb.
  5951 | D:5      | Found a sacrificial altar of Ru.
  5954 | D:5      | Found an ancient bone altar of Kikubaaqudgha.
  6257 | D:6      | Noticed a moth of wrath
  6261 | D:6      | Reached skill level 5 in Fighting
  6262 | D:6      | Found a bloodstained altar of Trog.
  6558 | D:7      | Found an iron altar of Okawaru.
  6580 | D:7      | Reached skill level 8 in Armour
  6620 | D:7      | Reached ***** piety under Trog
  6859 | D:7      | Noticed a two-headed ogre
  6865 | D:7      | Killed a two-headed ogre
  6865 | D:7      | Reached XP level 9. HP: 59/74 MP: 4/8
  7498 | D:7      | Reached skill level 9 in Armour
  7744 | D:7      | Found an opulent altar of Gozag.
  7744 | D:7      | Found a basalt altar of Yredelemnul.
  8236 | D:8      | Paralysed by a wasp for 3 turns
  8456 | D:8      | Reached skill level 1 in Evocations
  8705 | D:8      | Reached skill level 10 in Armour
  9192 | D:9      | Reached XP level 10. HP: 84/84 MP: 9/9
  9213 | D:9      | Noticed Pikel
  9219 | D:9      | Killed Pikel
  9219 | D:9      | Reached skill level 1 in Polearms
  9283 | D:9      | Reached skill level 5 in Stealth
  9307 | D:9      | HP: 2/84 [two-headed ogre/giant spiked club (17)]
  9309 | D:9      | Mangled by a two-headed ogre

Skill      XL: |  1  2  3  4  5  6  7  8  9 10 |
---------------+-------------------------------+-----
Axes           | 4 5 6 8 9 |  9.7
Fighting       | 4 5 6 |  6.6
Armour         | 3 4 5 7 8 10 | 10.3
Dodging        | 3 4 5 6 |  6.9
Stealth        | 1 2 3 4 5 |  5.0
Evocations     | 1 |  1.0
Polearms       | 1 |  1.6

Action                   |  1- 3 |  4- 6 |  7- 9 | 10-12 || total
-------------------------+-------+-------+-------+-------++-------
Melee: Hand axe          |    76 |   172 |   363 |       ||   611
       Headbutt          |    13 |    31 |    82 |     3 ||   129
       Halberd           |       |       |    10 |    27 ||    37
Invok: Berserk           |     1 |     2 |     5 |     1 ||     9
       Trog's Hand       |       |     1 |     2 |     1 ||     4
       Brothers in Arms  |       |       |     1 |     1 ||     2
       Burn Spellbooks   |       |       |     1 |       ||     1
Evoke: Wand              |       |       |     5 |       ||     5
  Use: Scroll            |     1 |     5 |     8 |       ||    14
       Potion            |       |     1 |       |       ||     1
  Eat: Bread ration      |     1 |     2 |     3 |       ||     6
       Royal jelly       |       |     1 |     1 |       ||     2
       Beef jerky        |       |       |     4 |       ||     4
       Meat ration       |       |       |     1 |       ||     1
       Pizza             |       |       |     1 |       ||     1
Armor: Animal skin       |    11 |       |       |       ||    11
       Ring mail         |    24 |    49 |    12 |       ||    85
       Scale mail        |       |       |    82 |    11 ||    93
Dodge: Dodged            |    50 |   119 |   246 |    22 ||   437
